 Dungeon Sprint DCSS version 0.27-a0-1071-ga85bd9520d (webtiles) character file.

Game seed: 16388697102294309329

546 mhtbhm the Arsonist (level 7, 0/36 HPs)
             Began as a Deep Elf Fire Elementalist on Apr 24, 2021.
             Was an Elder of Vehumet.
             Killed by a guardian mummy's death curse (13 damage)
             ... in the Dungeon (Sprint V: "Ziggurat Sprint").
             The game lasted 00:01:40 (219 turns).

mhtbhm the Arsonist (Deep Elf Fire Elementalist)     Turns: 219, Time: 00:01:40

Health: 0/36       AC:  5    Str:  5    XL:     7   Next: 6%
Magic:  8/21       EV: 15    Int: 34    God:    Vehumet [****..]
Gold:   0          SH:  0    Dex: 15    Spells: 3/24 levels left

rFire    + . .     SeeInvis .   C - +8 lance "Wyrmbane" {slay drac, rPois rF+ rC+ AC+3}
rCold    + . .     Faith    .   (no shield)
rNeg     . . .     Spirit   .   a - +0 robe
rPois    +         Reflect  .   (no helmet)
rElec    .         Harm     .   (no cloak)
rCorr    .         Rampage  .   (no gloves)
Will     .....     NoTele   +   (no boots)
Stlth    ++........             r - amulet of the acrobat
HPRegen  0.12/turn              u - +6 ring of intelligence
MPRegen  0.17/turn              v - +6 ring of intelligence

@: no status effects
A: no striking features
a: Renounce Religion


You were in the Dungeon.
You worshipped Vehumet.
Vehumet was greatly pleased with you.
You visited 1 branch

Inventory:

Hand Weapons
 C - the +8 lance "Wyrmbane" (weapon) {slay drac, rPois rF+ rC+ AC+3}
   (You found it in the Dungeon)

   It affects your AC (+3).
   It protects you from fire.
   It protects you from cold.
   It protects you from poison.
Armour
 a - a +0 robe (worn)
Jewellery
 r - an amulet of the acrobat (around neck)
 u - a +6 ring of intelligence (left hand)
 v - a +6 ring of intelligence (right hand)
Wands
 y - a wand of mindburst (7)
 z - a wand of iceblast (5)
 A - a wand of acid (6)
Scrolls
 h - 4 scrolls of blinking
 m - 4 scrolls of amnesia
 n - 8 scrolls of fog
 o - a scroll of holy word
 p - 5 scrolls of identify
 q - 2 scrolls of fear
Potions
 b - 2 potions of brilliance
 c - 10 potions of curing
 d - 10 potions of heal wounds
 e - 6 potions of haste
 f - 7 potions of magic
 g - 3 potions of berserk rage
 i - 2 potions of invisibility
 j - 4 potions of resistance
 k - a potion of experience
 l - 5 potions of might
Miscellaneous
 s - a tin of tremorstones (1/2)
 B - a lightning rod (4/4)


   Skills:
 + Level 1.6 Polearms
 + Level 6.9 Dodging
 - Level 3.3 Stealth
 + Level 9.2 Spellcasting
 + Level 2.8 Conjurations
 + Level 12.4 Fire Magic
 + Level 3.5 Evocations


You had 3 spell levels left.
You knew the following spells:

 Your Spells              Type           Power      Damage    Failure   Level
a - Foxfire               Conj/Fire      100%       2x1d9     1%          1
b - Conjure Flame         Conj/Fire      61%        6-21      1%          3
c - Inner Flame           Hex/Fire       55%        N/A       1%          3
d - Sticky Flame          Conj/Fire      61%        2d8       1%          4
e - Fireball              Conj/Fire      30%        3d13      1%          5
f - Lee's Rapid Deconstr  Erth           7%         3d8*      21%         5

Your spell library contained the following spells:

 Spells                   Type           Power      Damage    Failure   Level
 Sandblast                Erth           30%        2d9       1%          1
 Mephitic Cloud           Conj/Pois/Air  22%        N/A       1%          3
 Bolt of Magma            Conj/Fire/Erth 25%        4d12      2%          5
 Irradiate                Conj/Tmut      12%        3d18      12%         5
 Animate Armour           Summ/Erth      30%        N/A       28%         4
 Leda's Liquefaction      Hex/Erth       7%         N/A       28%         4
 Iron Shot                Conj/Erth      12%        9d3       50%         6
 Freezing Cloud           Conj/Ice/Air   11%        6-21      56%         6
 Blade Hands              Tmut           7%         N/A       99%         6
 Statue Form              Tmut/Erth      10%        N/A       99%         6
 Dragon Form              Tmut           7%         N/A       100%        7
 Shatter                  Erth           7%         3d10*     100%        9


Dungeon Overview and Level Annotations

Branches:
Dungeon (1/1)

Altars:
Ashenzari
Cheibriados
Dithmenos
Elyvilon
Fedhas
Gozag
Hepliaklqana
Kikubaaqudgha
Makhleb
Nemelex Xobeh
Okawaru
Qazlal
Ru
Sif Muna
Trog
Uskayaw
Vehumet
Wu Jian
Xom
Yredelemnul
Zin
The Shining One
Beogh
Jiyva
Lugonu

Annotations:
D 1 transporter


Message History

Casting: Fireball (dangerous; 1% risk of failure)
Confirm with . or Enter, or press ? or * to list all spells.
Aiming: Fireball (dangerous; 1% risk of failure)
Press: ? - help, Shift-Dir - straight line, f - guardian mummy
Aim: a guardian mummy The fireball explodes!
The fireball engulfs the guardian mummy!
The guardian mummy is moderately damaged.
The fireball engulfs the mummy!!
The mummy is burned terribly!
You destroy the mummy!
Vehumet accepts your kill.
You feel your power returning.
The fireball engulfs the mummy!!
The mummy is burned terribly!
You destroy the mummy!
Vehumet accepts your kill.
You feel your power returning.
Unknown command.
Casting: Fireball (dangerous; 1% risk of failure)
Confirm with . or Enter, or press ? or * to list all spells.
Aiming: Fireball (dangerous; 1% risk of failure)
Press: ? - help, Shift-Dir - straight line, f/p - guardian mummy
Aim: a guardian mummy (moderately damaged)
The fireball explodes!
The fireball engulfs the guardian mummy!!
The guardian mummy is severely damaged.
Unknown command.
Unknown command.
Casting: Fireball (dangerous; 1% risk of failure)
Confirm with . or Enter, or press ? or * to list all spells.
Aiming: Fireball (dangerous; 1% risk of failure)
Press: ? - help, Shift-Dir - straight line, f/p - guardian mummy
Aim: a guardian mummy (severely damaged)
The fireball explodes!
The fireball engulfs the guardian mummy!!
You destroy the guardian mummy!
Vehumet accepts your kill.
Vehumet is now extending the range of your destructive spells.
You feel extremely nervous for a moment...
Pain shoots through your body!
You die...

▓..©..▓..©..▓▓▓▓▓▓▓
▓▓▓▓▓▓▓▓▓▓▓▓▓▓
▓..8©8...▓
▓..:|=...▓
▓...=....▓
▓........▓
▓........▓
▓........▓
▓...@....▓
▓▓▓▓▓▓▓▓▓▓


There were no monsters in sight!

Vanquished Creatures
  A guardian mummy (D)
  A slime creature (D)
  A floating eye (D)
  A hell hound (D)
  A crimson imp (D)
  2 jellies (D)
  An iron imp (D)
  3 mummies (D)
  A bat zombie (D)
  A jackal skeleton (D)
13 creatures vanquished.

Notes
Turn   | Place    | Note
-------+----------+-------------------------------------------
     0 | D        | mhtbhm the Deep Elf Fire Elementalist began the quest for
                  | the Orb.
     0 | D        | Reached XP level 1. HP: 10/10 MP: 6/6
     0 | D        | Found a shimmering blue altar of Sif Muna.
     0 | D        | Found a bloodstained altar of Trog.
     0 | D        | Found a sacrificial altar of Ru.
     0 | D        | Found a stormy altar of Qazlal.
     0 | D        | Found an iron altar of Okawaru.
     1 | D        | Found a sparkling altar of Nemelex Xobeh.
     1 | D        | Found a blossoming altar of Fedhas.
     2 | D        | Found the +6 Majin-Bo {vamp, MP+6 Int+6}
     2 | D        | Found the +9 heavy crossbow "Sniper" {vorpal, Acc+∞ SInv}
     2 | D        | Found the +10 dark maul {vorpal}
     2 | D        | Found the +15 Maxwell's patent armour {-Cast -Tele rElec
                  | Will+ rCorr}
     2 | D        | Found the +18 shield of the Gong {rElec rN+ Will+ EV-5}
     2 | D        | Found the +14 obsidian axe {vorpal, Drain Fly SInv}
     2 | D        | Found the +7 great mace "Firestarter" {inner flame, rF++}
     2 | D        | Found the +6 shillelagh "Devastator" {shatter}
     2 | D        | Found the +11 plutonium sword {Contam Stlth-}
     2 | D        | Found the +8 lance "Wyrmbane" {slay drac, rPois rF+ rC+
                  | AC+3}
     2 | D        | Found the +9 sword of Zonguldrok {reap}
     2 | D        | Found the +13 scythe of Curses {drain, Drain}
     2 | D        | Found the +5 sword of Power {vorpal}
     2 | D        | Found the +7 mace of Variability {chain chaos}
     2 | D        | Found the +7 Singing Sword {vorpal, sonic wave}
     2 | D        | Found the +8 storm bow {elec, penet}
     3 | D        | Found a transporter.
     3 | D        | Found an ancient bone altar of Kikubaaqudgha.
     3 | D        | Found a viscous altar of Jiyva.
     3 | D        | Found a corrupted altar of Lugonu.
     3 | D        | Found a hazy altar of Hepliaklqana.
     3 | D        | Found a burning altar of Makhleb.
     3 | D        | Found an opulent altar of Gozag.
    35 | D        | Became a worshipper of Vehumet
    55 | D        | Entered arena 2.
    55 | D        | Noticed a crimson imp
    55 | D        | Found a transporter.
    57 | D        | Killed a crimson imp
    58 | D        | Reached skill level 6 in Fire Magic
    58 | D        | Reached XP level 2. HP: 15/15 MP: 7/9
    58 | D        | Reached XP level 3. HP: 19/19 MP: 7/10
    67 | D        | Learned a level 3 spell: Conjure Flame
    71 | D        | Learned a level 3 spell: Inner Flame
    83 | D        | Entered arena 3.
    83 | D        | Noticed a hell hound
    83 | D        | Found a transporter.
    85 | D        | Reached * piety under Vehumet
    85 | D        | Offered knowledge of Freeze by Vehumet.
    86 | D        | Killed a hell hound
    87 | D        | Reached skill level 5 in Dodging
    87 | D        | Reached skill level 9 in Fire Magic
    87 | D        | Reached skill level 1 in Evocations
    87 | D        | Reached XP level 4. HP: 22/24 MP: 10/14
    87 | D        | Reached XP level 5. HP: 26/28 MP: 11/16
   102 | D        | Learned a level 4 spell: Sticky Flame
   108 | D        | Learned a level 5 spell: Fireball
   123 | D        | Entered arena 4.
   123 | D        | Noticed a floating eye
   123 | D        | Noticed a slime creature
   123 | D        | Found a transporter.
   124 | D        | Killed a floating eye
   124 | D        | Reached ** piety under Vehumet
   125 | D        | Reached skill level 1 in Polearms
   125 | D        | Reached skill level 10 in Fire Magic
   125 | D        | Reached XP level 6. HP: 32/32 MP: 11/18
   126 | D        | Reached skill level 11 in Fire Magic
   128 | D        | Killed a slime creature
   128 | D        | Reached *** piety under Vehumet
   129 | D        | Reached skill level 12 in Fire Magic
   133 | D        | Got the Tome of Floating Clay
   213 | D        | Learned a level 5 spell: Lee's Rapid Deconstruction
   215 | D        | Entered arena 5.
   215 | D        | Noticed a guardian mummy
   215 | D        | Found a transporter.
   216 | D        | Offered knowledge of Sandblast by Vehumet.
   217 | D        | Reached XP level 7. HP: 13/36 MP: 21/21
   219 | D        | Killed a guardian mummy
   219 | D        | Reached **** piety under Vehumet
   219 | D        | Killed by a guardian mummy's death curse

Illustrated notes

Levels and vault maps discovered:
D:        sprint_v [room_start, room_1, room_2, room_3, room_4, room_5, room_6,
          room_7, room_8, room_9, room_10, room_11, room_12, room_13, room_14,
          room_15, room_16, room_17, room_18, room_19, room_20, room_21,
          room_22, room_23, room_24, room_25, room_26, room_27]

Skill      XL: |  1  2  3  4  5  6 |
---------------+-------------------+-----
Dodging        | 3 5 6 |  6.9
Stealth        | 3 |  3.3
Spellcasting   | 4 6 7 9 |  9.2
Fire Magic     | 6 9 10 12 | 12.4
Conjurations   | 2 |  2.8
Evocations     | 1 2 3 |  3.5
Polearms       | 1 |  1.6

Action                   |  1- 3 |  4- 6 |  7- 9 || total
-------------------------+-------+-------+-------++-------
Melee: Lance             |     1 |       |       ||     1
 Cast: Fireball          |       |     2 |     3 ||     5
Evoke: Wand              |     3 |       |       ||     3
       Lightning rod     |     2 |     3 |       ||     5
       Tin of tremorston |       |     1 |       ||     1
Armor: Robe              |     1 |       |       ||     1
Dodge: Dodged            |     5 |     1 |       ||     6

Table legend: (Time is in decaauts)
 A = Elapsed time spent in this place.
 B = Non-inter-level travel time spent in this place.
 C = Inter-level travel time spent in this place.
 D = Time resting spent in this place.
 E = Time spent auto-exploring this place.
 F = Levels seen in this place.
 G = Mean time per level.
                   A        B        C        D        E       F      G
               +--------+--------+--------+--------+--------+-----+--------+
         Total |    217 |    217 |      0 |     83 |      0 |   1 |  217.0 |
       Dungeon |    217 |    217 |      0 |     83 |      0 |   1 |  217.0 |
               +--------+--------+--------+--------+--------+-----+--------+

Top non-repeatable levels by time:
       D: 217 daAuts
